 Dungeon Sprint DCSS version 0.27.1-1-g398f81649c (webtiles) character file.

Game seed: 14006138760504593279

1488 ugugthedestroyer the Carver (level 8, -1/73 HPs)
             Began as a Palentonga Fighter on Sept 6, 2021.
             Was a High Priest of Jiyva.
             Slain by an acid dragon (7 damage)
             ... in the Dungeon (Sprint IX: "|||||||||||||||||||||||||||||").
             The game lasted 00:06:19 (370 turns).

ugugthedestroyer the Carver (Palentonga Fighter)     Turns: 370, Time: 00:06:20

Health: -1/73      AC: 20    Str: 22    XL:     8   Next: 51%
Magic:  3/8        EV:  8    Int:  9    God:    Jiyva [*****.]
Gold:   0          SH: 10    Dex:  9    Spells: 7/7 levels left

rFire    . . .     SeeInvis +   m - +2 scimitar (holy)
rCold    . . .     Faith    .   c - +0 kite shield
rNeg     . . .     Spirit   .   p - +1 scale mail
rPois    .         Reflect  .   n - +0 helmet
rElec    .         Harm     .   (no cloak)
rCorr    +         Rampage  .   o - +0 pair of gloves
Will     .....     NoTele   +   (no barding)
Stlth    ..........             (no amulet)
HPRegen  0.22/turn              (no ring)
MPRegen  0.11/turn              (no ring)

@: curled up
A: large, rugged brown scales 3, see invisible, deformed body, roll 1, armoured
tail, reflexive curl, iridescent scales 1, acidic bite, tendrils
a: Rolling Charge, Renounce Religion, Request Jelly, Slimify, Cure Bad Mutation


You were in the Dungeon.
You worshipped Jiyva.
Jiyva was extremely pleased with you.
You visited 1 branch

Inventory:

Hand Weapons
 a - a +0 long sword
 m - a +2 scimitar of holy wrath (weapon)
Armour
 b - a +0 scale mail
 c - a +0 kite shield (worn)
 n - a +0 helmet (worn)
 o - a +0 pair of gloves (worn)
 p - a +1 scale mail (worn)
Wands
 l - a wand of acid (10)
Scrolls
 j - 2 scrolls of blinking
 k - 2 scrolls of amnesia
Potions
 d - a potion of might
 e - 5 potions of curing
 f - a potion of invisibility
 g - a potion of haste
 h - 4 potions of magic


   Skills:
 + Level 8.7 Fighting
 * Level 12.2 Long Blades
 + Level 7.7 Armour
 + Level 2.2 Dodging
 + Level 0.1 Stealth
 + Level 7.3 Shields


You had 7 spell levels left.
You didn't know any spells.
Your spell library was empty.

Dungeon Overview and Level Annotations

Branches:
Dungeon (1/1)

Altars:
Cheibriados
Dithmenos
Elyvilon
Fedhas
Gozag
Hepliaklqana
Kikubaaqudgha
Makhleb
Nemelex Xobeh
Okawaru
Qazlal
Ru
Sif Muna
Trog
Uskayaw
Vehumet
Wu Jian
Xom
Yredelemnul
Zin
The Shining One
Beogh
Jiyva
Lugonu


Innate Abilities, Weirdness & Mutations

You are completely covered in rugged brown scales. (AC +3, +7% HP)
You have supernaturally acute eyesight. (SInv)
Armour fits poorly on your strangely shaped body.
You can roll at nearby foes to attack.
You have a long armoured tail.
You curl defensively after being hit.
You are partially covered in iridescent scales. (AC +2)
You have acidic saliva.
You are covered in slimy tendrils that may disarm your opponents.


Message History

The centaur warrior hits you!
The centaur warrior kicks you but does no damage.
The centaur warrior hits you but does no damage.
The centaur warrior kicks you but does no damage.
You barely miss the centaur warrior.
The centaur warrior is severely wounded.
The centaur warrior hits you but does no damage.
You block the centaur warrior's attack.
You completely miss the centaur warrior.
The centaur warrior is severely wounded.
The centaur warrior hits you!
* * * LOW HITPOINT WARNING * * *
The centaur warrior barely misses you.
You barely miss the centaur warrior. You tail-slap the centaur warrior.
The centaur warrior is almost dead.
The centaur warrior hits you.
* * * LOW HITPOINT WARNING * * *
You block the centaur warrior's attack. The centaur warrior hits you.
* * * LOW HITPOINT WARNING * * *
The centaur warrior kicks you but does no damage.
You slash the centaur warrior!
You kill the centaur warrior!
Your Long Blades skill gained 2 levels and is now at level 12!
Your Dodging skill increases to level 2!
Your Shields skill increases to level 7!
You have reached level 8!
You feel clever.
You slash the acid dragon!
The acid dragon is heavily wounded.
You block the acid dragon's attack.
The acid dragon claws you but does no damage.
You slash the acid dragon!
The acid dragon is almost dead.
The acid dragon bites you!
* * * LOW HITPOINT WARNING * * *
The acid dragon claws you but does no damage.
You barely miss the acid dragon. You tail-slap the acid dragon.
The acid dragon is almost dead.
The acid dragon bites you!
You die... ▓▓▓▓▓▓▓▓▓▓▓▓▓▓▓▓▓▓▓▓▓▓▓▓▓▓▓▓ HOH...'HOHD@.'.........'____ ▓▓▓▓▓▓▓▓▓▓▓▓▓▓▓▓▓▓▓▓▓▓▓▓▓▓▓▓

You could see a two-headed ogre, 2 manticores and an acid dragon.

Vanquished Creatures
  A centaur warrior (D)
  A manticore (D)
  2 unseen horrors (D)
  An ogre (D)
  A phantom (D)
  An orc wizard (D)
  2 adders (D)
  An ufetubus (D)
  A ball python (D)
  2 bat zombies (D)
  A giant cockroach (D)
  3 goblins (D)
17 creatures vanquished.

Vanquished Creatures (others)
  A great orb of eyes (D)
  A yak (D)
  6 jellies (D)
8 creatures vanquished.

Grand Total: 25 creatures vanquished

Notes
Turn   | Place    | Note
-------+----------+-------------------------------------------
     0 | D        | ugugthedestroyer the Palentonga Fighter began the quest for
                  | the Orb.
     0 | D        | Reached XP level 1. HP: 19/19 MP: 1/1
    17 | D        | Noticed a phantom
    17 | D        | Noticed an ogre
    20 | D        | Reached XP level 2. HP: 25/26 MP: 2/2
    23 | D        | Killed an ogre
    24 | D        | Reached skill level 5 in Fighting
    24 | D        | Reached skill level 5 in Long Blades
    24 | D        | Reached XP level 3. HP: 21/35 MP: 3/3
    24 | D        | Reached XP level 4. HP: 24/41 MP: 4/4
    24 | D        | Killed a phantom
    25 | D        | Reached skill level 6 in Long Blades
    25 | D        | Reached skill level 5 in Armour
    25 | D        | Reached XP level 5. HP: 30/49 MP: 5/5
   190 | D        | Found a snail-covered altar of Cheibriados.
   190 | D        | Found a shadowy altar of Dithmenos.
   190 | D        | Found a white marble altar of Elyvilon.
   190 | D        | Found a blossoming altar of Fedhas.
   190 | D        | Found an opulent altar of Gozag.
   191 | D        | Found a hazy altar of Hepliaklqana.
   192 | D        | Found a viscous altar of Jiyva.
   193 | D        | Found an ancient bone altar of Kikubaaqudgha.
   194 | D        | Found a corrupted altar of Lugonu.
   195 | D        | Found a burning altar of Makhleb.
   196 | D        | Found a sparkling altar of Nemelex Xobeh.
   197 | D        | Found an iron altar of Okawaru.
   198 | D        | Found a stormy altar of Qazlal.
   199 | D        | Found a sacrificial altar of Ru.
   200 | D        | Found a shimmering blue altar of Sif Muna.
   201 | D        | Found a bloodstained altar of Trog.
   202 | D        | Found a hide-covered altar of Uskayaw.
   203 | D        | Found a radiant altar of Vehumet.
   204 | D        | Found an ornate altar of the Wu Jian Council.
   205 | D        | Found a shimmering altar of Xom.
   206 | D        | Found a basalt altar of Yredelemnul.
   207 | D        | Found a glowing silver altar of Zin.
   208 | D        | Found a glowing golden altar of the Shining One.
   232 | D        | Became a worshipper of Jiyva Jeump the Shapeless
   234 | D        | Killed a great orb of eyes
   272 | D        | Reached * piety under Jiyva
   272 | D        | Reached ** piety under Jiyva
   272 | D        | Reached *** piety under Jiyva
   272 | D        | Gained mutation: You are partially covered in iridescent
                  | scales. (AC +2) [Jiyva's grace]
   272 | D        | Reached **** piety under Jiyva
   272 | D        | Gained mutation: You have acidic saliva. [Jiyva's grace]
   276 | D        | Reached ***** piety under Jiyva
   278 | D        | Gained mutation: You are covered in slimy tendrils that may
                  | disarm your opponents. [Jiyva's grace]
   290 | D        | Noticed an unseen horror
   290 | D        | Noticed an unseen horror
   290 | D        | Noticed a yak
   302 | D        | Killed a yak
   306 | D        | Reached skill level 5 in Shields
   312 | D        | Killed an unseen horror
   313 | D        | Reached skill level 8 in Long Blades
   313 | D        | Reached XP level 6. HP: 33/58 MP: 6/6
   319 | D        | Killed an unseen horror
   320 | D        | Reached skill level 10 in Long Blades
   320 | D        | Reached skill level 1 in Dodging
   320 | D        | Gained mutation: You curl defensively after being hit.
                  | [Palentonga growth]
   320 | D        | Reached XP level 7. HP: 11/66 MP: 7/7
   334 | D        | Noticed a manticore
   334 | D        | Noticed a two-headed ogre
   334 | D        | Noticed a manticore
   334 | D        | Noticed a centaur warrior
   334 | D        | Noticed a manticore
   353 | D        | Killed a manticore
   367 | D        | Killed a centaur warrior
   368 | D        | Reached skill level 12 in Long Blades
   368 | D        | Reached XP level 8. HP: 15/73 MP: 3/8
   370 | D        | Slain by an acid dragon

Illustrated notes

Levels and vault maps discovered:
D:        linesprint [early_d, line_temple, items_1, d_10, items_2, lair_1,
          lair_end, items_3, orc_1, orc_end, items_4, d_15, swamp_1, shoals_1,
          snake_1, spider_1, d_20, vaults_1, items_5, swamp_end, shoals_end,
          snake_end, spider_end, vaults_end, d_27, items_6, zot_1, zot_end,
          crypt_end, forest_end, elf_end, slime_end, tomb_end, abyss_end,
          pan_hell_end]

Skill      XL: |  1  2  3  4  5  6  7 |
---------------+----------------------+-----
Armour         | 3 4 5 6 7 |  7.7
Shields        | 3 4 6 7 |  7.3
Fighting       | 5 6 7 8 |  8.7
Long Blades    | 5 6 8 10 12 | 12.2
Dodging        | 1 2 |  2.2
Stealth        | |  0.1

Action                   |  1- 3 |  4- 6 |  7- 9 || total
-------------------------+-------+-------+-------++-------
Melee: Long sword        |    11 |    10 |       ||    21
       Tailslap          |       |     4 |     3 ||     7
       Scimitar          |       |    15 |    21 ||    36
       Bite              |       |     2 |     1 ||     3
Invok: Request Jelly     |       |     2 |     3 ||     5
  Use: Potion            |     2 |       |     2 ||     4
Armor: Scale mail        |     3 |     8 |    20 ||    31
Dodge: Dodged            |     4 |     8 |     9 ||    21
Block: Kite shield       |     3 |    14 |    13 ||    30
       Rpst.: Long sword |     2 |       |       ||     2
       Scimitar          |       |     2 |       ||     2
